 Dungeon Sprint DCSS version 0.27.1-4-g1640c2035a (webtiles) character file.

Game seed: 2342421451301936722

18 boopmooplesden the Skirmisher (level 2, 0/29 HPs)
             Began as a Minotaur Fighter on Nov 9, 2021.
             Was a Priest of the Shining One.
             Slain by a white imp (3 damage)
             ... while paralysed by a floating eye
             ... in the Dungeon (Sprint VII: "The Pits").
             The game lasted 00:00:32 (78 turns).

boopmooplesden the Skirmisher (Minotaur Fighter)      Turns: 78, Time: 00:00:33

Health: 0/29       AC:  7    Str: 20    XL:     2   Next: 51%
Magic:  1/1        EV:  2    Int:  5    God:    the Shining One [***...]
Gold:   0          SH:  0    Dex:  9    Spells: 1/1 levels left

rFire    . . .     SeeInvis .   a - +0 long sword
rCold    . . .     Faith    .   c - +0 kite shield
rNeg     + . .     Spirit   .   b - +0 scale mail
rPois    .         Reflect  .   (helmet restricted)
rElec    .         Harm     .   (no cloak)
rCorr    .         Rampage  .   (no gloves)
Will     .....     NoTele   +   (no boots)
Stlth    ..........             (no amulet)
HPRegen  0.09/turn              (no ring)
MPRegen  0.07/turn              (no ring)

@: paralysed, glowing
A: horns 2, retaliatory headbutt
a: Renounce Religion, Divine Shield


You were in the Dungeon.
You worshipped the Shining One.
The Shining One was most pleased with you.
You visited 1 branch

Inventory:

Hand Weapons
 a - a +0 long sword (weapon)
Armour
 b - a +0 scale mail (worn)
 c - a +0 kite shield (worn)
Scrolls
 j - a scroll of blinking
 l - 5 scrolls of amnesia
 m - a scroll of summoning
Potions
 d - a potion of might
 e - a potion of curing
 f - a potion of heal wounds
 g - a potion of haste
 h - 4 potions of magic
 i - 3 potions of berserk rage
 k - 2 potions of invisibility


   Skills:
 + Level 5.0 Fighting
 + Level 3.1 Long Blades
 + Level 4.9 Armour
 + Level 4.9 Shields


You had one spell level left.
You didn't know any spells.
Your spell library was empty.

Dungeon Overview and Level Annotations

Branches:
Dungeon (1/1)

Altars:
Ashenzari
Cheibriados
Dithmenos
Elyvilon
Fedhas
Gozag
Hepliaklqana
Kikubaaqudgha
Makhleb
Nemelex Xobeh
Okawaru
Qazlal
Ru
Sif Muna
Trog
Uskayaw
Vehumet
Wu Jian
Xom
Yredelemnul
Zin
The Shining One
Beogh
Jiyva
Lugonu


Innate Abilities, Weirdness & Mutations

You have a pair of horns on your head.
You reflexively headbutt those who attack you in melee.


Message History

You hit the ball python zombie.
The ball python zombie is lightly damaged.
You block the ball python zombie's attack.
The ball python zombie grabs you. The ball python zombie constricts you.
The ball python zombie loses its grip on you.
The floating eye's stare focuses on you.
You barely miss the river rat.
The river rat bites you but does no damage.
You barely miss the river rat. Your headbutt misses the river rat.
The floating eye gazes piercingly through you!
You suddenly lose the ability to move!
The ball python zombie completely misses you.
The ball python zombie grabs you. The ball python zombie constricts you.
The river rat bites you but does no damage.
The ball python zombie loses its grip on you.
The river rat bites you! The floating eye seems to glare at you.
The river rat bites you.
The floating eye gazes piercingly through you!
You shrug off the repeated paralysis!
The white imp hits you but does no damage.
You can move again.
You hit the river rat. Your headbutt misses the river rat.
The river rat is heavily wounded.
The river rat bites you but does no damage.
The white imp hits you but does no damage.
You barely miss the river rat.
The river rat is heavily wounded.
The river rat bites you but does no damage.
The floating eye's stare focuses on you.
The white imp barely misses you.
You riposte.
You hit the white imp but do no damage. You block the river rat's attack.
The floating eye gazes piercingly through you!
You suddenly lose the ability to move!
The white imp hits you but does no damage.
The river rat bites you!
* * * LOW HITPOINT WARNING * * *
The floating eye's stare focuses on you.
The white imp hits you.
You die...

#..........)'.........
+#####'#####......#..
#..#.)# #.........
#..†..# ####'#####
#..#### #.......#
#.†#..# #.......#
#..#..# #.......#
##'#G.#+###...<...#
#..@rZ...##.......#
#...5....##.......#
###########.......#
#########


You could see a floating eye (charged), a river rat, a white imp and a ball
python zombie.

Vanquished Creatures
  A gnoll (D)
  An adder zombie (D)
  A goblin (D)
  A quokka (D)
  A frilled lizard (D)
  A quokka skeleton (D)
6 creatures vanquished.

Notes
Turn   | Place    | Note
-------+----------+-------------------------------------------
     0 | D        | boopmooplesden the Minotaur Fighter began the quest for the
                  | Orb.
     0 | D        | Reached XP level 1. HP: 19/19 MP: 0/0
    36 | D        | Found a glowing golden altar of the Shining One.
    36 | D        | Found a glowing silver altar of Zin.
    36 | D        | Found a basalt altar of Yredelemnul.
    36 | D        | Found a shimmering altar of Xom.
    36 | D        | Found an ornate altar of the Wu Jian Council.
    36 | D        | Found a bloodstained altar of Trog.
    36 | D        | Found a shimmering blue altar of Sif Muna.
    36 | D        | Found a sacrificial altar of Ru.
    36 | D        | Found a stormy altar of Qazlal.
    36 | D        | Found an iron altar of Okawaru.
    36 | D        | Found a sparkling altar of Nemelex Xobeh.
    36 | D        | Found a burning altar of Makhleb.
    36 | D        | Found a viscous altar of Jiyva.
    36 | D        | Found a hazy altar of Hepliaklqana.
    36 | D        | Found an opulent altar of Gozag.
    36 | D        | Found a blossoming altar of Fedhas.
    36 | D        | Found a white marble altar of Elyvilon.
    36 | D        | Found a shadowy altar of Dithmenos.
    36 | D        | Found a snail-covered altar of Cheibriados.
    38 | D        | Found a corrupted altar of Lugonu.
    38 | D        | Found a radiant altar of Vehumet.
    39 | D        | Found an ancient bone altar of Kikubaaqudgha.
    39 | D        | Found a hide-covered altar of Uskayaw.
    39 | D        | Found a broken altar of Ashenzari.
    41 | D        | Became a worshipper of the Shining One
    54 | D        | Reached skill level 4 in Fighting
    54 | D        | Reached XP level 2. HP: 24/28 MP: 1/1
    56 | D        | Reached * piety under the Shining One
    61 | D        | Reached ** piety under the Shining One
    62 | D        | Reached skill level 5 in Fighting
    70 | D        | Reached *** piety under the Shining One
    70 | D        | Noticed a floating eye
    73 | D        | Paralysed by a floating eye for 3 turns
    77 | D        | Paralysed by a floating eye for 2 turns
    78 | D        | Slain by a white imp

Illustrated notes

Levels and vault maps discovered:
D:        pitsprint [storerooms_1, entrance_room_1, metal_vault_4, armoury_1,
          mini_pit_1, grid_room_1, main_hall_1, silver_pit, the_coven_3,
          the_vestibule_1, steel_vault_1, golden_pit, hallway_of_sentries,
          crystal_vault_3, iron_vault_3, final_vault]

Skill      XL: |  1  2 |
---------------+-------+-----
Fighting       | 4 5 |  5.0
Armour         | 4 |  4.9
Shields        | 4 |  4.9
Long Blades    | 3 |  3.1

Action                   || total
-------------------------++-------
Melee: Long sword        ||    15
       Headbutt          ||     2
Armor: Scale mail        ||    14
Dodge: Dodged            ||     5
Block: Kite shield       ||     2
       Rpst.: Long sword ||     1
